 Dungeon Crawl Stone Soup version 0.16-a0-2818-g1ef6e07 (webtiles) character file.

10338 Johnny the Reanimator (level 11, -7/94 HPs)
             Began as a Demigod Necromancer on Nov 28, 2014.
             Mangled by a blink frog (14 damage)
             ... on level 2 of the Lair of Beasts.
             The game lasted 00:35:45 (13165 turns).

Johnny the Reanimator (Demigod Necromancer)        Turns: 13165, Time: 00:35:46

Health: -7/94      AC:  9    Str:  9      XL:     11   Next: 13%
Magic:  1/29       EV: 11    Int: 25      God:
Gold:   419        SH:  0    Dex: 14 (16) Spells: 3 memorised, 16 levels left

rFire  + . .     SeeInvis .     Y - +2 war axe (flame)
rCold  . . .     Clarity  +     p - +2 ring mail {rF+}
rNeg   . . .     SustAb   +     (no shield)
rPois  .         Gourm    .     y - +0 helmet
rElec  .         Spirit   .     (no cloak)
rCorr  .         Warding  .     P - +0 pair of gloves
rMut   .         Stasis   .     (no boots)
MR     ++...                    (no amulet)
Stlth  +.........               (no ring)
                                i - ring of sustain abilities

@: lethally poisoned, very slightly contaminated, hasted, very quick, very
resistant to hostile enchantments, very unstealthy
A: clarity, magic resistance 1, weak 1, sustain abilities
a: no special abilities


You were on level 2 of the Lair of Beasts.
You were hungry.

You visited 2 branches of the dungeon, and saw 12 of its levels.
You also visited: Ossuary and Volcano.

You collected 563 gold pieces.
You spent 144 gold pieces at shops.

Inventory:

Hand weapons
 J - the +4 dagger "Morg" {pain, MR+ Int+5}
   (You found it on level 9 of the Dungeon)

   In the hands of one skilled in necromantic magic, it inflicts extra damage on
   living creatures.
   It affects your intelligence (+5).
   It affects your resistance to hostile enchantments.
 Y - a +2 war axe of flaming (weapon)
Armour
 p - a +2 ring mail of fire resistance (worn)
 y - a +0 helmet (worn)
 P - a +0 pair of gloves (worn)
Jewellery
 i - a ring of sustain abilities (left hand)
 j - an uncursed ring of see invisible {unknown}
Magical devices
 a - a wand of fireball (2)
 v - a wand of cold (0)
 z - a wand of disintegration (10)
 H - a wand of fire (0)
Scrolls
 e - 2 scrolls of remove curse
 f - 6 scrolls of fog
 g - 2 scrolls of amnesia
 h - a scroll of recharging
 k - 2 scrolls of enchant weapon
 l - a scroll of random uselessness {unknown}
 m - 3 scrolls of immolation {unknown}
 n - 2 scrolls of magic mapping
 A - 2 scrolls of teleportation
 C - a scroll of noise {unknown}
 D - 5 scrolls of blinking {unknown}
 I - a scroll of enchant armour {unknown}
Potions
 o - a potion of agility {unknown}
 r - 2 potions of berserk rage
 s - a potion of restore abilities
 u - 2 potions of lignification
 w - a potion of haste
 F - 2 potions of might
 W - a potion of brilliance
Books
 b - a book of Necromancy

   Spells                             Type                      Level
   *Pain                              Necromancy                   1
   Animate Skeleton                   Necromancy                   1
   *Vampiric Draining                 Necromancy                   3
   Regeneration                       Charms/Necromancy            3
   Animate Dead                       Necromancy                   4
   *Control Undead                    Necromancy                   4
 E - a book of Callings

   Spells                             Type                      Level
   Summon Small Mammal                Summoning                    1
   Call Imp                           Summoning                    2
   Call Canine Familiar               Summoning                    3
   Summon Guardian Golem              Hexes/Summoning              4
   Summon Lightning Spire             Summoning/Air                4
   Summon Ice Beast                   Ice/Summoning                4
Miscellaneous
 K - a phial of floods (inert, charging)
Comestibles
 c - 8 bread rations
 d - a meat ration


   Skills:
 * Level 7.9 Fighting
 * Level 8.2 Dodging
 - Level 1.7 Stealth
 * Level 7.2 Spellcasting
 * Level 8.6 Necromancy
 * Level 5.7 Evocations


You had 16 spell levels left.
You knew the following spells:

 Your Spells              Type           Power        Failure   Level  Hunger
a - Pain                  Necr           ####         1%          1    None
b - Control Undead        Necr           ######....   4%          4    ###....
c - Vampiric Draining     Necr           ######....   1%          3    None


Dungeon Overview and Level Annotations

Branches:
Dungeon (10/15)            Temple (0/1) D:7            Lair (2/8) D:10
    Orc: D:9-12

Shops:
D:8 ??

Annotations:
D:4 MDvedh's ghost, average GrFi
D:5 Johnny's ghost, average DgNe
D:6 smajdalf's ghost, experienced DgEE
D:7 Joseph


Innate Abilities, Weirdness & Mutations

Your attributes are resistant to harm.
You possess an exceptional clarity of mind.
You are resistant to hostile enchantments.
You are weak. (Str -2)


Message History

Unknown command.
You barely miss the water moccasin.
The water moccasin is heavily wounded.
You feel sick.
The blink frog blinks!
The water moccasin bites you!
Your water elemental hits the water moccasin!
The blink frog hits you!
* * * LOW HITPOINT WARNING * * *
The water moccasin bites you.
* * * LOW HITPOINT WARNING * * *
Your water elemental hits the water moccasin!
The water moccasin dies!
Unknown command.
Drink which item? (? for menu, Esc to quit)
You feel yourself speed up.
You feel sick.
The blink frog blinks!
The blink frog hits you!
* * * LOW HITPOINT WARNING * * *
The blink frog blinks!
Your water elemental misses the blink frog.
The blink frog hits you!
You die...

.....###P.###....###
....## #### #...P# #...##
....## .....# #..§##
#...## ##....#
.....#######.....#
....PP.#..#.#....######.
.....).........≈≈≈.......
..........F....F@≈.......
###...........FE≈≈.......
#.......§.......[.....
#..P.#.....#.###P.#.#.
#..####.F..### ### ..
#... #P.... ...##.P...)..
.... ........ ##.
##.####..


You could see 4 blink frogs and a friendly water elemental.

Vanquished Creatures
  Harold (Lair:2)
  An orc knight (Volcano)
  A hill giant (D:10)
  A lindwurm (Lair:1)
  4 spiny frogs
  3 black mambas (Lair:1)
  A komodo dragon (Lair:1)
  Prince Ribbit (Lair:2)
  A blink frog (Lair:2)
  A deep elf mage (D:9)
  A hippogriff (Lair:1)
  A steam dragon (D:10)
  A hungry ghost (D:9)
  A water moccasin (Lair:2)
  3 wargs (D:9)
  6 wolves (Lair:2)
  2 sky beasts
  5 orc warriors
  An eye of draining (Lair:1)
  2 centaurs
  4 ogres
  2 big kobolds
  A crocodile (Lair:1)
  8 giant frogs
  A wyvern zombie (D:8)
  2 water moccasin zombies (Ossuary)
  A scorpion (D:8)
  4 wights (D:10)
  4 killer bees (D:9)
  2 electric eels (Lair:1)
  A giant frog zombie (D:5)
  A quasit (D:9)
  3 crimson imps
  4 hounds
  4 orc priests
  A giant frog skeleton (D:3)
  8 orc wizards
  3 iguanas
  4 worker ants
  Ijyb (D:3)
  2 big kobold zombies (Ossuary)
  2 mummies (Ossuary)
  13 adders
  A gnoll (D:5)
  18 river rats
  2 worms (D:2)
  An adder skeleton (D:6)
  9 adder zombies
  5 giant geckos
  31 orcs
  A bat skeleton (D:6)
  2 gnoll zombies (Ossuary)
  13 hobgoblins
  3 jackals (D:2)
  19 kobolds
  4 quokkas
  A ball python (D:3)
  4 bats
  4 giant cockroaches
  A giant gecko skeleton (D:8)
  A giant newt (D:1)
  A giant spore (D:8)
  14 goblins
  5 hobgoblin zombies (Ossuary)
  5 kobold zombies (Ossuary)
  3 orc zombies (Ossuary)
  10 rats
  7 ballistomycetes
  A fungus (Lair:2)
280 creatures vanquished.

Vanquished Creatures (collateral kills)
  A water moccasin (Lair:2)
  An orc warrior (Volcano)
  A centaur (D:5)
  A quasit (D:8)
  A bat (D:8)
5 creatures vanquished.

Vanquished Creatures (others)
  A water elemental (Volcano)
  A giant spore (D:10)
  3 fungi (Lair:2)
5 creatures vanquished.

Grand Total: 290 creatures vanquished

Notes
Turn   | Place    | Note
--------------------------------------------------------------
     0 | D:1      | Johnny, the Demigod Necromancer, began the quest for the Orb.
     0 | D:1      | Reached XP level 1. HP: 14/14 MP: 3/3
   354 | D:1      | Reached skill level 1 in Fighting
   578 | D:1      | Reached XP level 2. HP: 23/23 MP: 2/4
  1105 | D:2      | Reached XP level 3. HP: 21/28 MP: 0/8
  1113 | D:2      | Learned a level 3 spell: Vampiric Draining
  1594 | D:2      | Reached skill level 4 in Necromancy
  1706 | D:2      | Found a sparkling altar of Nemelex Xobeh.
  2033 | D:3      | Reached XP level 4. HP: 16/36 MP: 10/10
  2335 | D:3      | Reached XP level 5. HP: 34/42 MP: 0/12
  2624 | D:3      | Found a burning altar of Makhleb.
  2676 | D:3      | Noticed Ijyb
  2687 | D:3      | Killed Ijyb
  2916 | D:4      | Noticed an ogre
  2922 | D:4      | Killed an ogre
  2923 | D:4      | Noticed MDvedh's ghost (average GrFi)
  3053 | D:3      | Learned a level 4 spell: Control Undead
  3114 | D:4      | Reached XP level 6. HP: 45/50 MP: 15/15
  3169 | D:5      | Entered Level 5 of the Dungeon
  3258 | D:5      | Noticed Johnny's ghost (average DgNe)
  3537 | D:5      | Found a shattered altar of Ashenzari.
  3688 | D:5      | Reached skill level 5 in Necromancy
  4061 | D:6      | Noticed smajdalf's ghost (experienced DgEE)
  4200 | D:6      | Found a burning altar of Makhleb.
  4217 | D:6      | Reached XP level 7. HP: 47/58 MP: 2/19
  4638 | D:6      | Found a stormy altar of Qazlal.
  5206 | D:7      | Found a staircase to the Ecumenical Temple.
  5206 | D:7      | Noticed Joseph
  5378 | D:7      | Found an ancient bone altar of Kikubaaqudgha.
  5378 | D:7      | Found a blossoming altar of Fedhas.
  5419 | D:8      | Reached XP level 8. HP: 44/67 MP: 14/21
  5428 | D:8      | Found a deep blue altar of Sif Muna.
  5515 | D:8      | Reached skill level 5 in Dodging
  5515 | D:8      | Reached skill level 6 in Necromancy
  5694 | D:8      | Reached skill level 5 in Fighting
  5741 | D:8      | Found a sacrificial altar of Ru.
  5819 | D:8      | Found Lonolule's Magic Scroll Shop.
  5851 | D:8      | Found a sand-covered staircase.
  5860 | Ossuary  | Entered an ossuary
  6676 | D:8      | Bought a scroll of identify for 28 gold pieces
  6676 | D:8      | Bought a scroll of identify for 28 gold pieces
  6941 | D:8      | Found Anaycixt's Magic Scroll Shop.
  6954 | D:8      | Bought a scroll of identify for 32 gold pieces
  6954 | D:8      | Bought a scroll of magic mapping for 56 gold pieces
  7463 | D:9      | Reached skill level 5 in Spellcasting
  7606 | D:9      | Reached XP level 9. HP: 49/74 MP: 14/24
  7970 | D:10     | Entered Level 10 of the Dungeon
  7973 | D:10     | Found a staircase to the Lair.
  8135 | D:9      | Reached skill level 7 in Necromancy
  8233 | D:9      | Reached skill level 1 in Evocations
  8468 | D:10     | Noticed a hill giant
  8487 | D:10     | Killed a hill giant
  8821 | D:10     | Got a smoking ring mail
  8833 | D:10     | Identified the cursed +3 ring mail of Distant Shores {Str+2 Dex-4} (You found it on level 10 of the Dungeon)
  9367 | Lair:1   | Entered Level 1 of the Lair of Beasts
  9412 | Lair:1   | Noticed a black mamba
  9417 | Lair:1   | Killed a black mamba
  9442 | Lair:1   | Found a dark tunnel.
  9444 | Lair:1   | Noticed a lindwurm
  9452 | Volcano  | Entered a volcano
  9470 | Volcano  | Found a radiant altar of Vehumet.
  9471 | Volcano  | Noticed an orc knight
  9487 | Volcano  | Killed an orc knight
  9487 | Volcano  | Reached XP level 10. HP: 58/84 MP: 14/27
  9813 | Lair:1   | Killed a lindwurm
 10147 | Lair:1   | Noticed a komodo dragon
 10158 | Lair:1   | Killed a komodo dragon
 10355 | Lair:1   | Reached skill level 8 in Necromancy
 10728 | Lair:1   | Noticed a black mamba
 10736 | Lair:1   | Killed a black mamba
 11296 | Lair:1   | HP: 4/86 [poisoned by a spiny frog]
 11304 | Lair:1   | HP: 4/86 [poisoned by a spiny frog]
 11312 | Lair:1   | HP: 4/86 [poisoned by a spiny frog]
 11872 | Lair:1   | Reached skill level 5 in Evocations
 12048 | Lair:2   | Noticed Harold
 12066 | Lair:2   | Killed Harold
 12518 | Lair:2   | Gained mutation: You are resistant to hostile enchantments. [potion of mutation]
 12518 | Lair:2   | Gained mutation: You are weak. (Str -2) [potion of mutation]
 12518 | Lair:2   | Gained mutation: You possess an exceptional clarity of mind. [potion of mutation]
 12520 | Lair:2   | HP: 4/86 [poisoned by a water moccasin]
 12804 | Lair:2   | Reached XP level 11. HP: 85/93 MP: 6/28
 13149 | Lair:2   | Noticed Prince Ribbit
 13155 | Lair:2   | Killed Prince Ribbit
 13165 | Lair:2   | Mangled by a blink frog

Action                   |  1- 3 |  4- 6 |  7- 9 | 10-12 || total
-------------------------+-------+-------+-------+-------++-------
Melee: Unarmed           |     7 |       |       |       ||     7
       Short sword       |     3 |       |       |       ||     3
       Mace              |    70 |   155 |   383 |       ||   608
       Dagger            |       |       |   108 |    41 ||   149
       Great sword       |       |       |    27 |     7 ||    34
       War axe           |       |       |     7 |    85 ||    92
 Cast: Pain              |    37 |    14 |    21 |    32 ||   104
       Vampiric Draining |     3 |    25 |    96 |    83 ||   207
       Control Undead    |       |    15 |     4 |       ||    19
Evoke: Wand              |       |     1 |     9 |    11 ||    21
       Phial of floods   |       |       |     1 |     1 ||     2
  Use: Potion            |       |     4 |     1 |     8 ||    13
       Scroll            |       |     3 |    10 |     5 ||    18
 Stab: Sleeping          |     1 |     2 |     1 |     1 ||     5
       Paralysed         |       |       |     7 |     3 ||    10
  Eat: Chunk             |     4 |     9 |    18 |     3 ||    34
       Beef jerky        |       |     1 |       |       ||     1
       Meat ration       |       |       |     1 |     1 ||     2
       Fruit             |       |       |     1 |     3 ||     4
       Bread ration      |       |       |     1 |       ||     1
       Royal jelly       |       |       |       |     1 ||     1
